[Event "86th Tata Steel Tienkamp 2024"]
[Site "Wijk aan Zee"]
[Date "2024.01.19"]
[Round "1.1"]
[White "Pastar, Slaven"]
[Black "Bekker, Stefan"]
[Result "1-0"]
[ECO "B51"]
[WhiteElo "2343"]
[BlackElo "2274"]
[Annotator "RC"]
[PlyCount "101"]
[EventDate "2024.01.02"]
[EventType "tourn"]
[EventCountry "NED"]
[SourceTitle "playchess.com"]
[Source "ChessBase"]
[SourceQuality "1"]
[TimeControl "40/6000+30:20/3000+30:900+30"]

1. e4 c5 2. Nf3 d6 3. Bb5+ Nd7 4. d4 cxd4 5. Qxd4 a6 6. Bxd7+ Bxd7 7. c4 e5 8. Qd3 h6 9. Nc3 Nf6 10. O-O Be7 11. Rd1 O-O 12. a4 Bg4 13. b3 Qc8 14. h3 Bh5 15. Ba3 Re8 16. Rd2 Qc6 17. Ne1 Bg6 18. Re2 Nh5 19. g3 Qc8 20. Kh2 f5 21. Ng2 fxe4 22. Nxe4 Qe6 23. Ne3 Nf6 24. f3 Rf8 25. Nd5 Nxd5 26. cxd5 Qd7 27. Rc1 Rf7 28. Rc3 Raf8 29. Rf2 Bd8 30. Qe2 Be7 31. Kg2 Bf5 32. h4 Bg6 33. Rf1 Bh5 34. Nd2 Rf6 35. g4 Bg6 36. h5 Bh7 37. Bc1 Rf4 38. Nc4 Rxf3 39. Rfxf3 Qxg4+ 40. Kf1 Qh3+ 41. Qg2 Qxh5 42. Rxf8+ Bxf8 43. Qf3 Qh4 44. Nxd6 Qe7 45. Ba3 e4 46. Qf2 Qd7 47. Rc8 Qh3+ 48. Ke1 Qh1+ 49. Kd2 e3+ 50. Kxe3 Qh3+ 51. Qf3 1-0

[Event "86th Tata Steel Tienkamp 2024"]
[Site "Wijk aan Zee"]
[Date "2024.01.19"]
[Round "1.2"]
[White "De Winter, Arthur"]
[Black "Baselmans, Luuk"]
[Result "1/2-1/2"]
[ECO "C11"]
[WhiteElo "2409"]
[BlackElo "2323"]
[Annotator "RC"]
[PlyCount "69"]
[EventDate "2024.01.02"]
[EventType "tourn"]
[EventCountry "NED"]
[SourceTitle "playchess.com"]
[Source "ChessBase"]
[SourceQuality "1"]
[TimeControl "40/6000+30:20/3000+30:900+30"]

1. e4 e6 2. d4 d5 3. Nc3 Nf6 4. e5 Nfd7 5. f4 c5 6. Nf3 Nc6 7. Be3 a6 8. Ne2 Be7 9. c3 O-O 10. h4 f6 11. h5 b5 12. h6 g6 13. g3 Qb6 14. Bh3 cxd4 15. Bxe6+ Kh8 16. Nfxd4 Nxd4 17. Nxd4 Nxe5 18. Bxd5 Bg4 19. Qc2 Rad8 20. Bg2 Nf7 21. Qf2 Rfe8 22. O-O Bf8 23. Rfe1 Nxh6 24. Nf5 Qb8 25. Nxh6 Bxh6 26. Bd4 Bg7 27. b4 Qc8 28. Rxe8+ Rxe8 29. Re1 h5 30. Kh2 Kh7 31. Rxe8 Qxe8 32. Bd5 Bc8 33. Qe3 Qd7 34. Bg2 Qf7 35. a3 1/2-1/2

[Event "86th Tata Steel Tienkamp 2024"]
[Site "Wijk aan Zee"]
[Date "2024.01.19"]
[Round "1.3"]
[White "Zwirs, Nico"]
[Black "Niermann, Tristan"]
[Result "0-1"]
[ECO "B66"]
[WhiteElo "2476"]
[BlackElo "2413"]
[Annotator "TA"]
[PlyCount "70"]
[EventDate "2024.01.02"]
[EventType "tourn"]
[EventCountry "NED"]
[SourceTitle "playchess.com"]
[Source "ChessBase"]
[SourceQuality "1"]
[TimeControl "40/6000+30:20/3000+30:900+30"]

1. e4 c5 2. Nf3 d6 3. d4 cxd4 4. Nxd4 Nf6 5. Nc3 Nc6 6. Bg5 e6 7. Qd2 a6 8. Nxc6 bxc6 9. O-O-O h6 10. Bf4 d5 11. Qe3 Qa5 ({Black should try} 11... Bb4 $11) 12. exd5 {[%emt 0:27:02] B66: Sicilian: Richter-Rauzer: 7...a6 8 0-0-0 h6.} cxd5 13. Be2 Bb7 {[%emt 0:13:28] [#]} 14. h4 $146 {[%emt 0:21:55] White has an edge.} ({Predecessor:} 14. Be5 Be7 15. f4 O-O 16. Qg3 Rfc8 17. Kb1 Ne8 18. Rhf1 Bf6 19. f5 d4 20. fxe6 dxc3 21. Rxf6 {1-0 Michalik,P (2519)-Pechac,J (2477) Mitropa Cup 35th 2016 (5.3)}) 14... Rc8 15. Be5 (15. Qa7 $5 Bc6 16. Qxa6 (16. Bxa6 $2 Ra8 $19 {[%mdl 64] Skewer}) 16... Qxa6 17. Bxa6 $14) 15... Nd7 16. Bd4 Bc5 17. Rh3 Bxd4 (17... Qb6 $11) 18. Rxd4 (18. Qxd4 $14 Kf8 19. Ne4) 18... Qc5 19. f4 (19. Rd2 {is interesting.} Ke7 20. g4 Nf6 21. f4) 19... O-O (19... Nf6 {keeps more tension.} 20. Rd1 Ke7 21. f5 Rhd8) 20. Rg3 Rfe8 21. a3 Kh8 22. Rb4 Qc7 23. Qd4 {[%emt 0:05:25][%csl Gg3][%cal Rd4g7] [#]} f6 24. Qa7 Nc5 {[%emt 0:01:47] ...a5 is the strong threat.} 25. Qb6 Qe7 26. Kb1 f5 ({Better is} 26... Ba8 $17 {Hoping for ...Rc6.} 27. Nd1 (27. Bxa6 $2 Rc6 $19) 27... Rc6) 27. Rh3 e5 28. Bh5 Red8 (28... Rg8 $17 {White must now prevent ...d4.} 29. fxe5 Qxe5) 29. fxe5 $2 {[%emt 0:00:40][%mdl 8192] Loses the game.} (29. Na4 $1 $15 Rc6 30. Qa5) 29... d4 $19 {[%emt 0:01:47][%cal Oe7e5,Bd5d4,Bd4d3][%mdl 32] [#] aiming for ...Qxe5!} 30. Na4 {[%emt 0:01:01] And now Nxc5 would win.} Bxg2 31. Rh2 {[%emt 0:00:09] Strongly threatening Nxc5.} Rc6 (31... Qxe5 32. Rxg2 Rd6 33. Qa5 $18 (33. Qa7 Rd7 $18)) 32. Qa5 Be4 33. Rd2 d3 (33... Qxh4 34. Nxc5 Rd5 35. Rb8+ (35. Rbxd4 $2 {loses.} Rcxc5 36. Qb4 Qxh5 $19) 35... Kh7 36. Rb6 Rxb6 37. Qxb6 $11) ({Don't go for} 33... Nxa4 $2 34. Qxa4 Qxe5 35. Rbxd4 Rxd4 36. Qxd4 Bxc2+ 37. Ka2 Qxd4 38. Rxd4 $19) 34. Ka1 (34. c3 $142 Nxa4 {[%mdl 64] Overworked Piece} 35. Qxa4 Qxe5 36. Bf7) 34... Nxa4 35. Rxa4 Rd5 {[%emt 0:01:20] Weighted Error Value: White=0.67/Black=0.14 (very precise)} 0-1

[Event "86th Tata Steel Tienkamp 2024"]
[Site "Wijk aan Zee"]
[Date "2024.01.19"]
[Round "1.4"]
[White "Holzke, Frank"]
[Black "Abdulla, Murad"]
[Result "1-0"]
[ECO "B51"]
[WhiteElo "2460"]
[BlackElo "2332"]
[Annotator "RC"]
[PlyCount "159"]
[EventDate "2024.01.02"]
[EventType "tourn"]
[EventCountry "NED"]
[SourceTitle "playchess.com"]
[Source "ChessBase"]
[SourceQuality "1"]
[TimeControl "40/6000+30:20/3000+30:900+30"]

1. e4 c5 2. Nf3 d6 3. Bb5+ Nd7 4. O-O Ngf6 5. Re1 a6 6. Bf1 e5 7. c3 Be7 8. d4 O-O 9. a4 Qc7 10. Nbd2 Rb8 11. a5 cxd4 12. cxd4 exd4 13. Nxd4 Re8 14. Nc4 Bf8 15. Bf4 Ne5 16. Nb6 Ng6 17. Bg5 Be7 18. Rc1 Qd8 19. Bc4 h6 20. Bd2 Ne5 21. Ba2 Bg4 22. Qb3 Bh5 23. Qg3 Kh8 24. Bb4 Bg6 25. Bb1 Bf8 26. Rcd1 Ned7 27. Nc4 Nxe4 28. Bxe4 Rxe4 29. Rxe4 Bxe4 30. Bxd6 Bxd6 31. Nxd6 Bg6 32. Ne6 Qf6 33. Nf4 Kh7 34. h4 Ne5 35. Rd5 Nc6 36. h5 Bb1 37. Ne2 Rd8 38. Nc3 Bc2 39. Nxb7 Rxd5 40. Nxd5 Qxb2 41. Qc3 Qb1+ 42. Kh2 Qxb7 43. Qxc2+ Kh8 44. Qc5 Qd7 45. f4 Kh7 46. Kg3 Qe6 47. Kf2 Nb8 48. Ne7 Qa2+ 49. Kg3 Qb3+ 50. Kh2 Qe6 51. Qc2+ g6 52. hxg6+ fxg6 53. Nxg6 Qc6 54. Nf8+ Kg7 55. Qb2+ Qf6 56. Qb7+ Kg8 57. Ng6 Qxg6 58. Qxb8+ Kh7 59. Qc7+ Kg8 60. Qb6 Qh5+ 61. Kg3 Qh1 62. Qe6+ Kg7 63. f5 Qf1 64. Qg6+ Kf8 65. Qxh6+ Kf7 66. Qe6+ Kf8 67. Qd5 Qe1+ 68. Kf3 Qf1+ 69. Kg4 Qe2+ 70. Kf4 Qf2+ 71. Ke5 Qb2+ 72. Kd6 Qb8+ 73. Kd7 Qe8+ 74. Kc7 Qe7+ 75. Kb6 Qe2 76. Ka7 Kg7 77. Qb7+ Kf8 78. f6 Qf2+ 79. Qb6 Qxg2 80. Qd8+ 1-0

[Event "86th Tata Steel Tienkamp 2024"]
[Site "Wijk aan Zee"]
[Date "2024.01.19"]
[Round "1.5"]
[White "Pijpers, Arthur"]
[Black "Van Foreest, Machteld"]
[Result "1-0"]
[ECO "B47"]
[WhiteElo "2441"]
[BlackElo "2363"]
[Annotator "RC"]
[PlyCount "65"]
[EventDate "2024.01.02"]
[EventType "tourn"]
[EventCountry "NED"]
[SourceTitle "playchess.com"]
[Source "ChessBase"]
[SourceQuality "1"]
[TimeControl "40/6000+30:20/3000+30:900+30"]

1. e4 c5 2. Nf3 e6 3. d4 cxd4 4. Nxd4 Nc6 5. Nc3 Qc7 6. g3 a6 7. Bg2 Nf6 8. O-O Nxd4 9. Qxd4 Bc5 10. Qd1 O-O 11. Bf4 d6 12. Na4 e5 13. Bg5 Bd4 14. Bxf6 gxf6 15. c3 Ba7 16. c4 Qxc4 17. Nc3 Be6 18. Nd5 Bxd5 19. exd5 Rfc8 20. Qh5 Qd4 21. Rad1 Qxb2 22. Be4 Kf8 23. Rb1 Qc3 24. Qh6+ Ke7 25. Rfc1 Qa5 26. Rxb7+ Ke8 27. Rcb1 Rab8 28. Rxa7 Rxb1+ 29. Bxb1 Qe1+ 30. Kg2 Rc1 31. Ra8+ Kd7 32. Bf5+ Ke7 33. Qf8# 1-0

[Event "86th Tata Steel Tienkamp 2024"]
[Site "Wijk aan Zee"]
[Date "2024.01.20"]
[Round "2.1"]
[White "Niermann, Tristan"]
[Black "Holzke, Frank"]
[Result "1-0"]
[ECO "C47"]
[WhiteElo "2413"]
[BlackElo "2460"]
[Annotator "RC"]
[PlyCount "111"]
[EventDate "2024.01.02"]
[EventType "tourn"]
[EventCountry "NED"]
[SourceTitle "playchess.com"]
[Source "ChessBase"]
[SourceQuality "1"]
[TimeControl "40/6000+30:20/3000+30:900+30"]

1. e4 e5 2. Nf3 Nc6 3. Nc3 Nf6 4. d4 exd4 5. Nxd4 Bb4 6. Nxc6 bxc6 7. Bd3 d5 8. exd5 O-O 9. O-O cxd5 10. h3 Be6 11. Qf3 Rb8 12. Bf4 Bd6 13. b3 c5 14. Rad1 Bxf4 15. Qxf4 Rb4 16. Qd2 Qb8 17. Rfe1 h6 18. Ne2 Re8 19. c3 Rb6 20. Nf4 Rd6 21. Bc2 Qb6 22. Re5 Nd7 23. Rxd5 Bxd5 24. Nxd5 Qb8 25. Ne7+ Rxe7 26. Qxd6 Re1+ 27. Kh2 Rxd1 28. Qxb8+ Nxb8 29. Bxd1 Nd7 30. Kg3 Nf6 31. Bf3 g5 32. b4 cxb4 33. cxb4 Kf8 34. a4 Ke7 35. a5 Kd6 36. b5 Kc7 37. h4 Kb8 38. hxg5 hxg5 39. Kh3 Kc7 40. g3 Kb8 41. Bh1 Kc7 42. Bg2 Kb8 43. f4 gxf4 44. gxf4 Kc7 45. Kh4 Ne8 46. Kg5 Nd6 47. Bf1 Nb7 48. Kf6 Nxa5 49. Kxf7 Nb7 50. f5 Kd7 51. f6 Nd6+ 52. Kg8 Ke6 53. f7 Nxf7 54. Bc4+ Kf6 55. Bxf7 Ke5 56. Bc4 1-0

[Event "86th Tata Steel Tienkamp 2024"]
[Site "Wijk aan Zee"]
[Date "2024.01.20"]
[Round "2.2"]
[White "Pastar, Slaven"]
[Black "De Winter, Arthur"]
[Result "1/2-1/2"]
[ECO "B80"]
[WhiteElo "2343"]
[BlackElo "2409"]
[Annotator "RC"]
[PlyCount "159"]
[EventDate "2024.01.02"]
[EventType "tourn"]
[EventCountry "NED"]
[SourceTitle "playchess.com"]
[Source "ChessBase"]
[SourceQuality "1"]
[TimeControl "40/6000+30:20/3000+30:900+30"]

1. e4 c5 2. Nc3 e6 3. Nge2 a6 4. d4 cxd4 5. Nxd4 d6 6. g3 Nf6 7. Bg2 Be7 8. O-O O-O 9. h3 Bd7 10. Be3 Nc6 11. Nxc6 Bxc6 12. a4 Rc8 13. a5 Nd7 14. Qd2 Qc7 15. Rfd1 Ne5 16. Bb6 Qb8 17. b3 Rfe8 18. Na4 Nd7 19. Bd4 Nf6 20. Nb6 Rcd8 21. Qe3 e5 22. Bb2 h5 23. c4 h4 24. g4 Nh7 25. b4 Nf8 26. Bf1 Ne6 27. b5 Bg5 28. Qf3 Bd7 29. Nxd7 Rxd7 30. Bxe5 Nc5 31. Bd4 Nxe4 32. Bd3 Rde7 33. Qf5 g6 34. Qd5 Bh6 35. Kg2 Ng5 36. Bf6 Re5 37. Bxe5 Rxe5 38. Qd4 Ne6 39. Qb6 Nf4+ 40. Kh2 Qc8 41. Bf1 axb5 42. Rxd6 Ne6 43. Rad1 Bf8 44. R6d5 Rxd5 45. cxd5 Qc2 46. dxe6 Qxd1 47. exf7+ Kg7 48. Qxb5 Qd4 49. Kg1 Bc5 50. Qe2 Qc3 51. Bg2 Qa1+ 52. Bf1 Qc3 53. Bg2 Qa1+ 54. Qf1 Qxa5 55. Bxb7 Kxf7 56. Qc4+ Kg7 57. Qf4 Qa1+ 58. Kg2 Qd4 59. Be4 Qf6 60. Qc7+ Qe7 61. Qc6 Qd6 62. Qb7+ Qe7 63. Qd5 Bd6 64. Qd3 Qf6 65. Qd5 Qe5 66. Qb7+ Kh6 67. Kf1 Qa1+ 68. Ke2 Qa2+ 69. Kf1 Bc5 70. Ke1 Qxf2+ 71. Kd1 Qf1+ 72. Kd2 Qxh3 73. g5+ Kxg5 74. Qd5+ Kf4 75. Bxg6 Bb4+ 76. Kc2 Qc3+ 77. Kd1 h3 78. Qf5+ Kg3 79. Qd3+ Qxd3+ 80. Bxd3 1/2-1/2

[Event "86th Tata Steel Tienkamp 2024"]
[Site "Wijk aan Zee"]
[Date "2024.01.20"]
[Round "2.3"]
[White "Baselmans, Luuk"]
[Black "Zwirs, Nico"]
[Result "0-1"]
[ECO "B51"]
[WhiteElo "2323"]
[BlackElo "2476"]
[Annotator "TA"]
[PlyCount "102"]
[EventDate "2024.01.02"]
[EventType "tourn"]
[EventCountry "NED"]
[SourceTitle "playchess.com"]
[Source "ChessBase"]
[SourceQuality "1"]
[TimeControl "40/6000+30:20/3000+30:900+30"]

1. e4 c5 2. Nf3 d6 3. Bb5+ Nd7 4. c4 Ngf6 5. Nc3 g6 6. d3 {[%emt 0:02:51] B51: Sicilian: Moscow Variation (3 Bb5+) without 3...Bd7.} Bg7 7. h3 O-O 8. Ba4 {[%emt 0:00:36] The position is equal.} Nb6 9. Bb3 e5 {[%emt 0:00:43] [#]} 10. Nd2 $146 ({Predecessor:} 10. Bg5 h6 11. Be3 Kh7 12. g4 Ng8 13. Qe2 Ne7 14. g5 h5 15. Nd5 Nc6 16. a4 {1-0 Haldorsen,B (2454)-Agdestein,S (2584) NOR-ch Oslo 2023 (6)}) 10... Nh5 11. Ne2 f5 12. exf5 gxf5 13. O-O Qe8 14. Re1 Qg6 15. f4 Bd7 $19 {[%emt 0:03:33] [#] Strongly threatening ...Bc6.} (15... Nxf4 16. Nxf4 exf4 17. Nf3 $15) (15... exf4 16. Nf3 $11) 16. Nf3 Bc6 17. Nc3 $2 (17. Rf1) 17... Qg3 $2 (17... Nxf4 18. Bxf4 exf4 19. Nd5 Nxd5 20. cxd5 $17) (17... exf4 18. Nd5 Rae8 19. Bd2 $19 (19. Bxf4 $2 Rxe1+ 20. Qxe1 Bxd5 $19) (19. Ne7+ $2 Rxe7 20. Rxe7 Bd4+ 21. Kh2 Rf7 $19)) (17... e4 $19 18. dxe4 fxe4) 18. Nd5 (18. Ne2 $142 Qg6 19. Rf1) 18... Bxd5 $17 ({Not} 18... Nxf4 19. Bxf4 exf4 20. Ne7+ Kh8 21. Nxc6 bxc6 22. Qd2 $17) 19. cxd5 Nxf4 ({And not} 19... exf4 20. Re6 $15) 20. Bxf4 Qxf4 (20... exf4 21. Rb1 $15) 21. Qd2 Bh6 22. Qxf4 Bxf4 23. Re2 Rae8 24. Rf1 Re7 (24... e4 $19 25. Nd2 Be5 26. dxe4 Bd4+ 27. Kh2 fxe4 28. Rxf8+ Kxf8) 25. Kh1 Rg7 26. Nh4 Rg5 27. a3 a5 28. Ba2 Rg3 (28... Nd7 $19 29. Nf3 Rh5) 29. Rf3 {[%emt 0:00:58] White is weak on the dark squares} (29. Ref2 $17) 29... Rxf3 $19 30. Nxf3 h5 31. Nh4 Bg5 32. Nf3 Bf4 33. Nh4 $1 Bg5 34. Nf3 Bc1 35. Re1 Bf4 ({Stronger than} 35... Bxb2 36. Rb1 e4 37. Rxb2 exf3 38. gxf3 $17) 36. Re2 (36. g3 {might work better.} Bxg3 37. Rg1) 36... Kg7 37. Nh4 Bg5 38. Nf3 Bf4 39. Nh4 $1 Bg5 40. Nf3 Kg6 41. Kg1 Rc8 42. Kf2 Kf6 43. h4 Bh6 44. Bb3 a4 45. Bc4 {[%emt 0:00:00] [#]} (45. Ba2) 45... Nxc4 {[%emt 0:01:55] Black is clearly winning.} 46. dxc4 {[%emt 0:00:00][%mdl 4096] Endgame KRB-KRN} Ra8 47. g3 (47. Rc2 $142 e4 48. Ng1) 47... Ra6 48. Rc2 Rb6 49. Ng1 Rb3 50. Ne2 Be3+ 51. Kg2 Bd4 {[%emt 0:00:11] Weighted Error Value: White=0.38/Black=0.34} 0-1

[Event "86th Tata Steel Tienkamp 2024"]
[Site "Wijk aan Zee"]
[Date "2024.01.20"]
[Round "2.4"]
[White "Abdulla, Murad"]
[Black "Pijpers, Arthur"]
[Result "0-1"]
[ECO "B50"]
[WhiteElo "2332"]
[BlackElo "2441"]
[Annotator "RC"]
[PlyCount "88"]
[EventDate "2024.01.02"]
[EventType "tourn"]
[EventCountry "NED"]
[SourceTitle "playchess.com"]
[Source "ChessBase"]
[SourceQuality "1"]
[TimeControl "40/6000+30:20/3000+30:900+30"]

1. e4 c5 2. Nf3 Nc6 3. g3 g6 4. Bg2 Bg7 5. O-O d6 6. c3 e5 7. Na3 Nge7 8. Nc2 O-O 9. d4 exd4 10. cxd4 Bg4 11. d5 Ne5 12. Ne3 Bxf3 13. Bxf3 Nxf3+ 14. Qxf3 f5 15. a4 Qd7 16. Nc4 fxe4 17. Qxe4 Rae8 18. Be3 Rf5 19. Qe6+ Qxe6 20. dxe6 Nc8 21. Bf4 Rxe6 22. Rfe1 Rff6 23. Red1 Rf7 24. Ra2 Bd4 25. b4 Nb6 26. Nxb6 axb6 27. a5 bxa5 28. Rxa5 Kg7 29. Rb5 Re2 30. Rxd4 cxd4 31. Rd5 Rd7 32. Bxd6 Kf7 33. Rxd4 Ke6 34. Bc5 Rxd4 35. Bxd4 Kd5 36. Bc5 Re6 37. Kg2 b6 38. Bf8 Re8 39. Bh6 Kc4 40. Bd2 Rd8 41. Be1 Rd1 42. Kf1 Kd3 43. h3 Rb1 44. f4 Ke3 0-1

[Event "86th Tata Steel Tienkamp 2024"]
[Site "Wijk aan Zee"]
[Date "2024.01.20"]
[Round "2.5"]
[White "Bekker, Stefan"]
[Black "Van Foreest, Machteld"]
[Result "0-1"]
[ECO "B11"]
[WhiteElo "2274"]
[BlackElo "2363"]
[Annotator "RC"]
[PlyCount "102"]
[EventDate "2024.01.02"]
[EventType "tourn"]
[EventCountry "NED"]
[SourceTitle "playchess.com"]
[Source "ChessBase"]
[SourceQuality "1"]
[TimeControl "40/6000+30:20/3000+30:900+30"]

1. e4 c6 2. Nc3 d5 3. Nf3 Nf6 4. e5 Ne4 5. d3 Nxc3 6. bxc3 c5 7. Be2 Nc6 8. O-O Bg4 9. Rb1 Qc7 10. d4 e6 11. Be3 Be7 12. h3 Bxf3 13. Bxf3 c4 14. Be2 O-O-O 15. g3 f6 16. f4 Qa5 17. Qd2 h5 18. Kg2 Rdf8 19. exf6 gxf6 20. f5 e5 21. dxe5 fxe5 22. a4 d4 23. cxd4 c3 24. Qd3 exd4 25. Bf4 Bd6 26. Qb5 Qxb5 27. Rxb5 Bxf4 28. Rxf4 Rh6 29. Bf3 Kc7 30. Be4 a6 31. Rb1 b6 32. g4 hxg4 33. hxg4 Ne5 34. Rg1 Rfh8 35. Kf2 Rh4 36. f6 b5 37. axb5 axb5 38. f7 Rh2+ 39. Rg2 Rxg2+ 40. Kxg2 Rf8 41. g5 Rxf7 42. Rxf7+ Nxf7 43. g6 Nh6 44. Bd3 Kd6 45. Bxb5 Ke6 46. Kf3 Nf5 47. Kg4 Kf6 48. Bd3 Ng7 49. Kh4 Ne6 50. Kg3 Nc5 51. Bf5 Kxf5 0-1

[Event "86th Tata Steel Tienkamp 2024"]
[Site "Wijk aan Zee"]
[Date "2024.01.21"]
[Round "3.1"]
[White "Pijpers, Arthur"]
[Black "Niermann, Tristan"]
[Result "1-0"]
[ECO "B67"]
[WhiteElo "2441"]
[BlackElo "2413"]
[Annotator "RC"]
[PlyCount "63"]
[EventDate "2024.01.02"]
[EventType "tourn"]
[EventCountry "NED"]
[SourceTitle "playchess.com"]
[Source "ChessBase"]
[SourceQuality "1"]
[TimeControl "40/6000+30:20/3000+30:900+30"]

1. e4 c5 2. Nf3 d6 3. d4 cxd4 4. Nxd4 Nf6 5. Nc3 Nc6 6. Bg5 e6 7. Qd2 a6 8. O-O-O Bd7 9. Kb1 Nxd4 10. Qxd4 Be7 11. f4 Bc6 12. f5 Qa5 13. Bc4 exf5 14. exf5 Qxf5 15. Bxf6 Qxf6 16. Qb6 O-O 17. Nd5 Qe5 18. Qf2 Bxd5 19. Rxd5 Qf6 20. Rf5 Qh4 21. Bxf7+ Kh8 22. g3 Qa4 23. Re1 Qd7 24. Qf3 Qd8 25. Qh5 h6 26. h4 Bf6 27. Re6 Qb6 28. Rexf6 Qe3 29. a3 gxf6 30. Rg5 Qe1+ 31. Ka2 Rxf7 32. Qxh6+ 1-0

[Event "86th Tata Steel Tienkamp 2024"]
[Site "Wijk aan Zee"]
[Date "2024.01.21"]
[Round "3.2"]
[White "Van Foreest, Machteld"]
[Black "Abdulla, Murad"]
[Result "1-0"]
[ECO "B76"]
[WhiteElo "2363"]
[BlackElo "2332"]
[Annotator "RC"]
[PlyCount "83"]
[EventDate "2024.01.02"]
[EventType "tourn"]
[EventCountry "NED"]
[SourceTitle "playchess.com"]
[Source "ChessBase"]
[SourceQuality "1"]
[TimeControl "40/6000+30:20/3000+30:900+30"]

1. e4 c5 2. Nf3 d6 3. d4 cxd4 4. Nxd4 Nf6 5. Nc3 g6 6. Be3 Bg7 7. f3 O-O 8. Qd2 Nc6 9. O-O-O d5 10. exd5 Nxd5 11. Nxc6 bxc6 12. Bd4 e5 13. Bc5 Re8 14. Ne4 Qc7 15. h4 f5 16. Nd6 Rd8 17. Nxc8 Raxc8 18. h5 Nb6 19. Bxb6 Rxd2 20. Bc4+ Kf8 21. Bxc7 Rxd1+ 22. Rxd1 Bh6+ 23. Kb1 Rxc7 24. hxg6 hxg6 25. Rd6 Kg7 26. Re6 Bf4 27. b4 c5 28. b5 g5 29. a4 g4 30. fxg4 fxg4 31. a5 Bd2 32. b6 Rd7 33. Bb5 Rf7 34. Be8 Rf1+ 35. Kb2 axb6 36. a6 Bc1+ 37. Ka2 Be3 38. Rd6 Rf8 39. Rd8 Bg5 40. Rb8 e4 41. a7 e3 42. a8=Q 1-0

[Event "86th Tata Steel Tienkamp 2024"]
[Site "Wijk aan Zee"]
[Date "2024.01.21"]
[Round "3.3"]
[White "De Winter, Arthur"]
[Black "Bekker, Stefan"]
[Result "0-1"]
[ECO "B99"]
[WhiteElo "2409"]
[BlackElo "2274"]
[Annotator "RC"]
[PlyCount "84"]
[EventDate "2024.01.02"]
[EventType "tourn"]
[EventCountry "NED"]
[SourceTitle "playchess.com"]
[Source "ChessBase"]
[SourceQuality "1"]
[TimeControl "40/6000+30:20/3000+30:900+30"]

1. e4 c5 2. Nf3 d6 3. d4 cxd4 4. Nxd4 Nf6 5. Nc3 a6 6. Bg5 e6 7. f4 Be7 8. Qf3 Qc7 9. O-O-O Nbd7 10. g4 h6 11. Qh3 Nc5 12. Bg2 Rg8 13. Bxf6 Bxf6 14. b4 Nd7 15. g5 hxg5 16. e5 Nxe5 17. fxe5 Bxe5 18. Rhe1 Bd7 19. Rxe5 dxe5 20. Nb3 Rd8 21. Nc5 Bc8 22. Rf1 b6 23. Qh7 Ke7 24. N5e4 Bb7 25. Qh5 Rdf8 26. Qxg5+ f6 27. Qe3 Rc8 28. Rf2 Rcd8 29. Nd2 Rd4 30. Bxb7 Qxb7 31. a3 Qc6 32. Qg3 g5 33. Ne2 Rh4 34. Rf3 Rc8 35. Rc3 Qh1+ 36. Kb2 Rxc3 37. Qxc3 Qd5 38. h3 Kf7 39. Qc7+ Kg6 40. Nf1 Qf3 41. Qd8 Rxh3 42. Qg8+ Kf5 0-1

[Event "86th Tata Steel Tienkamp 2024"]
[Site "Wijk aan Zee"]
[Date "2024.01.21"]
[Round "3.4"]
[White "Holzke, Frank"]
[Black "Baselmans, Luuk"]
[Result "1/2-1/2"]
[ECO "B27"]
[WhiteElo "2460"]
[BlackElo "2323"]
[Annotator "RC"]
[PlyCount "112"]
[EventDate "2024.01.02"]
[EventType "tourn"]
[EventCountry "NED"]
[SourceTitle "playchess.com"]
[Source "ChessBase"]
[SourceQuality "1"]
[TimeControl "40/6000+30:20/3000+30:900+30"]

1. e4 c5 2. Nf3 Nc6 3. Bb5 g6 4. Bxc6 bxc6 5. d4 cxd4 6. Qxd4 Nf6 7. e5 Nd5 8. e6 f6 9. exd7+ Qxd7 10. O-O Bg7 11. c4 Nc7 12. Re1 e5 13. Qxd7+ Bxd7 14. b3 O-O 15. Bb2 Rfd8 16. Nbd2 Bf5 17. Nf1 a5 18. Rad1 Bf8 19. Ne3 Bd3 20. Ng4 Bg7 21. h4 h5 22. Ne3 Bf8 23. a3 Bc5 24. Rd2 Ne6 25. Red1 Be4 26. Rxd8+ Rxd8 27. Rxd8+ Nxd8 28. Nd2 Bd3 29. Bc3 Bxa3 30. Bxa5 Ne6 31. g3 Nd4 32. Kg2 Bc1 33. Bc3 Bxd2 34. Bxd2 Nxb3 35. Bc3 Kf7 36. f4 Ke6 37. fxe5 fxe5 38. g4 Nd4 39. gxh5 gxh5 40. Ba5 Ne2 41. Bc7 Nf4+ 42. Kg3 Ng6 43. c5 Ne7 44. Bd6 Nd5 45. Nd1 Kf5 46. Nf2 Bc2 47. Nh3 e4 48. Nf4 Bd1 49. Nxd5 cxd5 50. c6 Ba4 51. c7 Bd7 52. Bf8 Ke5 53. Bg7+ Kd6 54. Kf4 Kxc7 55. Ke3 Kd6 56. Bb2 Ke6 1/2-1/2

[Event "86th Tata Steel Tienkamp 2024"]
[Site "Wijk aan Zee"]
[Date "2024.01.21"]
[Round "3.5"]
[White "Zwirs, Nico"]
[Black "Pastar, Slaven"]
[Result "1/2-1/2"]
[ECO "C43"]
[WhiteElo "2476"]
[BlackElo "2343"]
[Annotator "RC"]
[PlyCount "129"]
[EventDate "2024.01.02"]
[EventType "tourn"]
[EventCountry "NED"]
[SourceTitle "playchess.com"]
[Source "ChessBase"]
[SourceQuality "1"]
[TimeControl "40/6000+30:20/3000+30:900+30"]

1. e4 e5 2. Nf3 Nf6 3. d4 Nxe4 4. Bd3 Nc6 5. Nxe5 Nxe5 6. dxe5 Nc5 7. Bc4 d6 8. Qf3 Ne6 9. Be3 dxe5 10. Nc3 Bb4 11. Rd1 Qf6 12. Bb5+ Kf8 13. Qe4 Bxc3+ 14. bxc3 h5 15. O-O g6 16. f4 exf4 17. Bc4 Qf5 18. Rxf4 Qxe4 19. Rxe4 h4 20. Rf1 Kg8 21. Bd4 Rh6 22. Bf6 g5 23. Re5 Rg6 24. Be2 Rh6 25. Bg4 Kf8 26. Bxe6 Bxe6 27. Rxe6 fxe6 28. Bxg5+ Kg7 29. Bxh6+ Kxh6 30. Rf6+ Kg5 31. Rxe6 Rd8 32. Kf2 Rd1 33. Re7 Rd2+ 34. Kf3 Rxc2 35. Rxc7 h3 36. gxh3 Rxa2 37. Rxb7 Rc2 38. h4+ Kf5 39. Rc7 Rxh2 40. Rc4 Ke5 41. Ke3 Kd5 42. Ra4 Kc5 43. Kf3 Kb6 44. Kg3 Rh1 45. Kg4 a5 46. c4 Rg1+ 47. Kf5 Rh1 48. Kg5 Rg1+ 49. Kh6 Rb1 50. h5 Rb4 51. c5+ Kb5 52. Ra1 Rc4 53. Rb1+ Kxc5 54. Kg5 Rc2 55. Rh1 Kb4 56. h6 Rc8 57. Rb1+ Ka3 58. h7 a4 59. Rb7 Ka2 60. Kf6 a3 61. Rg7 Rh8 62. Rb7 Ka1 63. Kg7 Rxh7+ 64. Kxh7 a2 65. Kg6 1/2-1/2

[Event "86th Tata Steel Tienkamp 2024"]
[Site "Wijk aan Zee"]
[Date "2024.01.22"]
[Round "4.1"]
[White "Baselmans, Luuk"]
[Black "Pijpers, Arthur"]
[Result "0-1"]
[ECO "B67"]
[WhiteElo "2323"]
[BlackElo "2441"]
[Annotator "RC"]
[PlyCount "54"]
[EventDate "2024.01.02"]
[EventType "tourn"]
[EventCountry "NED"]
[SourceTitle "playchess.com"]
[Source "ChessBase"]
[SourceQuality "1"]
[TimeControl "40/6000+30:20/3000+30:900+30"]

1. e4 c5 2. Nf3 d6 3. d4 cxd4 4. Nxd4 Nf6 5. Nc3 Nc6 6. Bg5 e6 7. Qd2 a6 8. O-O-O Bd7 9. Kb1 Be7 10. f3 Nxd4 11. Qxd4 b5 12. Qd2 Qc7 13. Bd3 b4 14. Ne2 a5 15. g4 a4 16. h4 O-O 17. e5 dxe5 18. Bxf6 Bxf6 19. g5 Be7 20. h5 b3 21. Rdg1 Rfd8 22. g6 Bb5 23. Nc1 bxc2+ 24. Ka1 Bxd3 25. Nxd3 a3 26. Qc1 Rxd3 27. h6 fxg6 0-1

[Event "86th Tata Steel Tienkamp 2024"]
[Site "Wijk aan Zee"]
[Date "2024.01.22"]
[Round "4.2"]
[White "Niermann, Tristan"]
[Black "Van Foreest, Machteld"]
[Result "1-0"]
[ECO "D45"]
[WhiteElo "2413"]
[BlackElo "2363"]
[Annotator "RC"]
[PlyCount "63"]
[EventDate "2024.01.02"]
[EventType "tourn"]
[EventCountry "NED"]
[SourceTitle "playchess.com"]
[Source "ChessBase"]
[SourceQuality "1"]
[TimeControl "40/6000+30:20/3000+30:900+30"]

1. c4 e6 2. Nf3 Nf6 3. Nc3 d5 4. e3 c6 5. b3 Bd6 6. Bb2 Nbd7 7. Qc2 O-O 8. d4 b6 9. Be2 Bb7 10. O-O Qe7 11. Rad1 Rac8 12. e4 Nxe4 13. Nxe4 dxe4 14. Qxe4 f5 15. Qe3 Nf6 16. Rfe1 Ng4 17. Qd2 c5 18. d5 e5 19. Ng5 Nf6 20. Bf1 e4 21. Ne6 Ng4 22. h3 e3 23. Rxe3 Nxe3 24. Qxe3 Rf7 25. Be2 Qh4 26. Nxg7 Qe4 27. Qxe4 fxe4 28. Ne6 Re8 29. Bg4 Bc8 30. Re1 Ree7 31. Rxe4 Bd7 32. g3 1-0